 Dungeon Crawl Stone Soup version 0.31-a0-365-gcf821cafb2 (webtiles) character file.

Game seed: 8359616317971294076

1994 EonArisen the Slasher (level 9, -12/62 HPs)
             Began as a Gnoll Reaver on July 27, 2023.
             Was a Priest of Hepliaklqana.
             Blown up by a centaur (16 damage)
             ... with a mindburst bolt
             ... on level 7 of the Dungeon.
             The game lasted 00:45:01 (4825 turns).

EonArisen the Slasher (Gnoll Reaver)                Turns: 4825, Time: 00:45:01

Health: -12/62     AC:  9    Str: 14    XL:     9   Next: 21%
Magic:  18/18      EV: 13    Int: 15    God:    Hepliaklqana [***...]
Gold:   213        SH:  0    Dex: 13    Spells: 15/21 levels left

rFire   . . .        m - +0 halberd (venom)
rCold   . . .        (shield currently unavailable)
rNeg    . . .        d - +0 ring mail
rPois   .            e - +2 hat
rElec   .            (no cloak)
rCorr   +            t - +0 pair of gloves "Rauw" {Dex+3}
SInv    .            (no boots)
Will    .....        h - amulet of faith
Stlth   +            F - ring of resist corrosion
HPRegen 0.30/turn    (no ring)
MPRegen 0.16/turn

%: faith
@: silenced
A: reduced essence, fangs 1, strong nose, distributed training
a: Renounce Religion


You were on level 7 of the Dungeon.
You worshipped Hepliaklqana.
Hepliaklqana was most pleased with you.
You visited 2 branches of the dungeon, and saw 8 of its levels.

You collected 213 gold pieces.

Inventory:

Hand Weapons
 a - a +0 falchion
 j - a +0 heavy scythe
 m - a +0 halberd of venom (weapon)
 p - a +0 halberd
 r - a +0 flail of draining
 s - a +0 shortbow of freezing
 y - a +0 sling
 J - a +0 short sword
 M - a +0 dagger
Missiles
 i - 17 stones
 x - 5 javelins
 B - a throwing net
 L - 5 poisoned darts
Armour
 d - a +0 ring mail (worn)
 e - a +2 hat (worn)
 l - a +0 scale mail
 t - the +0 pair of gloves "Rauw" (worn) {Dex+3}
   (You found it on level 4 of the Dungeon)

   Dex:       It affects your dexterity (+3).
 D - a +0 plate armour
Jewellery
 h - an amulet of faith (around neck)
 C - the ring "Fiffug" {Ice rN++ Will+ Str-3}
   (You found it on level 6 of the Dungeon)

   [ring of ice]

   It enhances your ice magic.
   Str:       It affects your strength (-3).
   rF:        It makes you vulnerable to fire.
   rC:        It protects you from cold.
   rN:        It greatly protects you from negative energy.
   Will:      It increases your willpower.
 F - a ring of resist corrosion (left hand)
Talismans
 A - a dragon-blood talisman
Wands
 q - a wand of charming (16)
Scrolls
 c - 2 scrolls of amnesia
 v - a scroll of blinking {unknown}
 w - a scroll of poison {unknown}
 G - a scroll of teleportation {unknown}
 H - a scroll of vulnerability {unknown}
Potions
 b - 2 potions of lignification {unknown}
 f - a potion of enlightenment
 g - a potion of brilliance {unknown}
 k - a potion of berserk rage {unknown}
 n - 2 potions of magic
 o - a potion of cancellation
 u - a potion of might
 z - 2 potions of mutation {unknown}
 E - a potion of attraction {unknown}


   Skills:
 + Level 6.2 Fighting
 + Level 4.1 Short Blades
 + Level 7.8 Long Blades
 + Level 4.1 Axes
 + Level 4.1 Maces & Flails
 + Level 4.1 Polearms
 + Level 4.1 Staves
 + Level 4.1 Ranged Weapons
 + Level 4.1 Throwing
 + Level 4.1 Armour
 + Level 6.2 Dodging
 + Level 4.1 Stealth
 + Level 4.1 Shields
 + Level 4.1 Unarmed Combat
 + Level 6.5 Spellcasting
 + Level 6.5 Conjurations
 + Level 3.3 Hexes
 + Level 3.3 Summonings
 + Level 3.3 Necromancy
 + Level 3.3 Translocations
 + Level 3.3 Transmutations
 + Level 3.3 Fire Magic
 + Level 3.3 Ice Magic
 + Level 3.3 Air Magic
 + Level 3.3 Earth Magic
 + Level 3.3 Poison Magic
 + Level 4.5 Invocations
 + Level 4.1 Evocations
 + Level 3.3 Shapeshifting


You had 15 spell levels left.
You knew the following spells:

 Your Spells              Type           Power      Damage    Failure   Level
a - Kiss of Death         Conj/Necr      76%        2d11      3%          1
b - Passwall              Tmut/Erth      12%        N/A       10%         2
c - Shock                 Conj/Air       76%        1d7       3%          1
d - Momentum Strike       Conj/Tloc      38%        3d9       5%          2

Your spell library contained the following spells:

 Spells                   Type           Power      Damage    Failure   Level
 Ensorcelled Hibernation  Hex/Ice        30%        N/A       10%         2
 Hailstorm                Conj/Ice       19%        3d6       11%         3
 Swiftness                Air            15%        N/A       21%         3
 Airstrike                Air            7%         2d(2-18)  54%         4


Dungeon Overview and Level Annotations

Branches:
Dungeon (7/15)             Temple (1/1) D:4

Altars:
Ashenzari
Cheibriados
Dithmenos
Elyvilon
Fedhas
Gozag
Hepliaklqana
Kikubaaqudgha
Makhleb
Nemelex Xobeh
Okawaru
Qazlal
Ru
Sif Muna
Uskayaw
Vehumet
Wu Jian
Xom
Yredelemnul
Zin
The Shining One

Shops:
D:4 ?

Annotations:
D:5 2 transporters, arthad's ghost, novice GrFi


Innate Abilities, Weirdness & Mutations

Your life essence is reduced to manifest your ancestor. (-10% HP)
You have very sharp teeth.
Your uncanny sense of smell can sniff out nearby items.
Your experience applies equally to all skills.


Message History

The gnoll bouda mumbles some strange prayers to its god.
The gnoll bouda is healed somewhat.
You hit the gnoll bouda.
You kill the gnoll bouda!
The bullfrog hits you.
The bullfrog hits you but does no damage.
Jabu hits the bullfrog with a +0 flail!
The bullfrog barely misses you. The bullfrog misses you. The bullfrog hits you.
Jabu hits the bullfrog with a +0 flail!
The bullfrog dies!
The bullfrog hits you.
Things that are here:
a +0 club; a +0 robe; a gnoll corpse
Okay, then.
Okay, then.
You drop 5 stones.
The bullfrog hits you.
* * * LOW HITPOINT WARNING * * *
The shadow imp puffs mist at you.
The centaur shoots an arrow.
The arrow hits you!
* * * LOW HITPOINT WARNING * * *
Your attacks no longer feel as feeble.
The centaur zaps a wand.
Your mind is blasted!
* * * LOW HITPOINT WARNING * * *
The bullfrog hits you but does no damage.
Jabu hits the bullfrog with a +0 flail!
The bullfrog dies!
As you read the scroll labelled JITARULO RONIU, it crumbles to dust.
A profound silence engulfs you.
It was a scroll of silence.
The centaur shoots an arrow.
The arrow barely misses you.
You barely miss the shadow imp.
The shadow imp hits you but does no damage.
You hit the shadow imp.
The shadow imp is lightly wounded.
Jabu hits the shadow imp with a +0 flail!
The shadow imp completely misses Jabu.
The centaur unwields a +0 orcbow.
The centaur misses Jabu.
Jabu blocks the centaur's attack.
You hit the shadow imp.
You kill the shadow imp!
The centaur zaps a wand.
Your mind is blasted!
You die...

.... #....#.# #....
..... #....#.# #....
.....##....#.###..))
......>.............
###.............†
......#....#.##...††
#####.#....#.##.###)
###†#....#.##.##..
#@().....#.##.##..
#.R.).[..#.##.##..
#...c.)......##.....
#.#..........##.##..
#...............##..
#####.######.## #.#
..# .# ..# #... #
#.##


You could see the friendly Jabu the knight and a centaur.

Vanquished Creatures
  Sigmund (D:3)
  A water moccasin (D:5)
  A black bear (D:5)
  2 ice beasts (D:6)
  An ogre (D:6)
  A centaur (D:5)
  A bullfrog (D:6)
  A kobold brigand (D:7)
  A gnoll bouda (D:7)
  An orc priest (D:5)
  Jessica (D:2)
  2 iguanas
  An orc wizard (D:7)
  3 gnolls
  2 adders
  A shadow imp (D:7)
  2 dart slugs
  10 orcs
  4 endoplasms
  A giant cockroach (D:2)
  A hobgoblin (D:4)
  8 jackals
  4 quokkas
  3 ball pythons
  A bat (D:1)
  4 frilled lizards
  3 goblins
  5 kobolds
  5 rats
72 creatures vanquished.

Vanquished Creatures (collateral kills)
  An orc warrior (D:7)
  An ice beast (D:6)
  A phantom (D:5)
  3 bullfrogs
  A howler monkey (D:7)
  A hound (D:6)
  An orc priest (D:5)
  2 iguanas
  3 orc wizards
  5 adders
  12 gnolls
  8 orcs
  2 endoplasms
  A goblin (D:3)
  A hobgoblin (D:4)
  3 jackals
  4 kobolds
  A quokka (D:5)
  A rat (D:3)
52 creatures vanquished.

Vanquished Creatures (others)
  An ancestor (D:3)
1 creature vanquished.

Grand Total: 125 creatures vanquished

Notes
Turn   | Place    | Note
-------+----------+-------------------------------------------
     0 | D:1      | EonArisen the Gnoll Reaver began the quest for the Orb.
     0 | D:1      | Reached XP level 1. HP: 20/20 MP: 6/6
   243 | D:1      | Reached XP level 2. HP: 26/26 MP: 7/7
   389 | D:1      | You fall into a shaft and drop 1 floor!
   876 | D:2      | Noticed Jessica
   884 | D:2      | Killed Jessica
   885 | D:2      | Reached skill level 1 in Short Blades
   885 | D:2      | Reached skill level 1 in Axes
   885 | D:2      | Reached skill level 1 in Maces & Flails
   885 | D:2      | Reached skill level 1 in Polearms
   885 | D:2      | Reached skill level 1 in Staves
   885 | D:2      | Reached skill level 1 in Ranged Weapons
   885 | D:2      | Reached skill level 1 in Throwing
   885 | D:2      | Reached skill level 1 in Armour
   885 | D:2      | Reached skill level 1 in Stealth
   885 | D:2      | Reached skill level 1 in Shields
   885 | D:2      | Reached skill level 1 in Unarmed Combat
   885 | D:2      | Reached skill level 5 in Spellcasting
   885 | D:2      | Reached skill level 1 in Invocations
   885 | D:2      | Reached skill level 1 in Evocations
   885 | D:2      | Reached XP level 3. HP: 21/31 MP: 7/9
  1008 | D:2      | Found a faded altar of an unknown god.
  1031 | D:2      | Prayed at the altar of an unknown god.
  1031 | D:2      | Became a worshipper of Hepliaklqana the Forgotten
  1031 | D:2      | Reached * piety under Hepliaklqana
  1146 | D:2      | Learned a level 2 spell: Passwall
  1217 | D:3      | Noticed Sigmund
  1262 | D:3      | Killed Sigmund
  1263 | D:3      | Reached skill level 1 in Hexes
  1263 | D:3      | Reached skill level 1 in Summonings
  1263 | D:3      | Reached skill level 1 in Necromancy
  1263 | D:3      | Reached skill level 1 in Translocations
  1263 | D:3      | Reached skill level 1 in Transmutations
  1263 | D:3      | Reached skill level 1 in Fire Magic
  1263 | D:3      | Reached skill level 1 in Ice Magic
  1263 | D:3      | Reached skill level 1 in Air Magic
  1263 | D:3      | Reached skill level 1 in Earth Magic
  1263 | D:3      | Reached skill level 1 in Poison Magic
  1263 | D:3      | Reached skill level 1 in Shapeshifting
  1263 | D:3      | Reached XP level 4. HP: 9/34 MP: 11/11
  1263 | D:3      | Reached XP level 5. HP: 11/38 MP: 12/12
  1263 | D:3      | Reached XP level 6. HP: 13/45 MP: 13/13
  2050 | D:4      | Identified the +0 pair of gloves "Rauw" {Dex+3}
  2091 | D:4      | Reached skill level 5 in Fighting
  2091 | D:4      | Reached skill level 5 in Dodging
  2106 | D:4      | Found a staircase to the Ecumenical Temple.
  2129 | D:4      | Found Uduteiwo's Magic Scroll Emporium.
  2149 | Temple   | Entered the Ecumenical Temple
  2266 | D:4      | Found an opulent altar of Gozag.
  2329 | D:5      | Entered Level 5 of the Dungeon
  2358 | D:5      | Reached ** piety under Hepliaklqana
  2383 | D:5      | Remembered your ancestor Jabu as a knight
  2400 | D:5      | Noticed a water moccasin
  2411 | D:5      | Killed a water moccasin
  2489 | D:5      | Reached XP level 7. HP: 50/50 MP: 15/15
  2591 | D:5      | Found a transporter.
  2593 | D:5      | Noticed arthad's ghost (novice GrFi)
  2599 | D:5      | Found a transporter.
  2658 | D:5      | Reached skill level 7 in Long Blades
  2796 | D:5      | Learned a level 1 spell: Shock
  3160 | D:5      | Reached XP level 8. HP: 46/56 MP: 16/16
  3416 | D:6      | Identified the ring "Fiffug" {Ice rN++ Will+ Str-3}
  3913 | D:6      | Reached *** piety under Hepliaklqana
  4710 | D:7      | Reached XP level 9. HP: 38/60 MP: 18/18
  4744 | D:7      | Learned a level 2 spell: Momentum Strike
  4821 | D:7      | HP: 2/62 [disintegration (4)]
  4825 | D:7      | Blown up by a centaur

Illustrated notes

Levels and vault maps discovered:
D:1:      sevenhm_arrival_forest_fort_small_3, layout_loops_ring,
          minmay_crystal_room, bh_walls_and_bars
D:2:      layout_basic, nicolae_ecumenical_pavilion, serial_forest,
          infiniplex_forest_clump_medium, infiniplex_forest_end_1,
          infiniplex_forest_clump_small, infiniplex_forest_lined_1,
          infiniplex_forest_clump_large, nicolae_hexahallways,
          minmay_fountain_box, uniq_jessica
D:3:      minmay_general_purpose_star, layout_loops_ring,
          lightli_temple_of_fire, uniq_sigmund
D:4:      layout_rooms, old_standard_altar, minmay_temple_entry_mist,
          portal_sewer_entry_e, serial_shops, shop
D:5:      layout_gridville, gammafunk_ghost_mausoleum
D:6:      layout_basic, minmay_misc_feat_plants
D:7:      layout_basic
Temple:   nicolae_temple_bog_church

Skill      XL: |  1  2  3  4  5  6  7  8  9 |
---------------+----------------------------+-----
Short Blades   | 1 2 3 4 |  4.1
Axes           | 1 2 3 4 |  4.1
Maces & Flails | 1 2 3 4 |  4.1
Polearms       | 1 2 3 4 |  4.1
Staves         | 1 2 3 4 |  4.1
Ranged Weapons | 1 2 3 4 |  4.1
Throwing       | 1 2 3 4 |  4.1
Armour         | 1 2 3 4 |  4.1
Stealth        | 1 2 3 4 |  4.1
Shields        | 1 2 3 4 |  4.1
Unarmed Combat | 1 2 3 4 |  4.1
Spellcasting   | 5 6 |  6.5
Invocations    | 1 2 3 4 |  4.5
Evocations     | 1 2 3 4 |  4.1
Hexes          | 1 2 3 |  3.3
Summonings     | 1 2 3 |  3.3
Necromancy     | 1 2 3 |  3.3
Translocations | 1 2 3 |  3.3
Transmutations | 1 2 3 |  3.3
Fire Magic     | 1 2 3 |  3.3
Ice Magic      | 1 2 3 |  3.3
Air Magic      | 1 2 3 |  3.3
Earth Magic    | 1 2 3 |  3.3
Poison Magic   | 1 2 3 |  3.3
Shapeshifting  | 1 2 3 |  3.3
Fighting       | 5 6 |  6.2
Dodging        | 5 6 |  6.2
Long Blades    | 7 |  7.8
Conjurations   | 6 |  6.5

Action                     |  1- 3 |  4- 6 |  7- 9 || total
---------------------------+-------+-------+-------++-------
  Melee: Falchion          |   105 |       |       ||   105
         Bite              |    10 |     5 |    12 ||    27
         Punch             |     1 |       |       ||     1
         Halberd           |       |    62 |   108 ||   170
   Cast: Kiss of Death     |     1 |       |       ||     1
 Invoke: Ancestor Life: Kn |       |     1 |       ||     1
         Ancestor Identity |       |     1 |       ||     1
    Use: Scroll            |     1 |     6 |     4 ||    11
         Potion            |     1 |     2 |     6 ||     9
   Stab: Distracted        |     1 |       |     2 ||     3
 Armour: Leather armour    |    46 |     3 |       ||    49
         Ring mail         |       |    41 |    74 ||   115
  Dodge: Dodged            |    87 |    57 |   140 ||   284

Table legend: (Time is in decaauts)
 A = Elapsed time spent in this place.
 B = Non-inter-level travel time spent in this place.
 C = Inter-level travel time spent in this place.
 D = Time resting spent in this place.
 E = Time spent auto-exploring this place.
 F = Levels seen in this place.
 G = Mean time per level.
                   A        B        C        D        E       F      G
               +--------+--------+--------+--------+--------+-----+--------+
         Total |   4945 |   4826 |    119 |    484 |      0 |   8 |  618.1 |
       Dungeon |   4851 |   4746 |    105 |    484 |      0 |   7 |  693.0 |
        Temple |     93 |     79 |     14 |      0 |      0 |   1 |   93.0 |
               +--------+--------+--------+--------+--------+-----+--------+

Top non-repeatable levels by time:
     D:5: 1102 daAuts
     D:6: 1038 daAuts
     D:2: 827 daAuts
     D:3: 813 daAuts
     D:7: 440 daAuts
     D:1: 387 daAuts
     D:4: 242 daAuts
  Temple: 93 daAuts
